 Dungeon Crawl Stone Soup version 0.28.0 (webtiles) character file.

Game seed: 18145066838009540093

184 mopl the Chopper (level 5, -1/41 HPs)
             Began as a Formicid Fighter on Feb 8, 2022.
             Was an Initiate of Qazlal.
             Slain by an ogre (24 damage)
             ... on level 4 of the Dungeon.
             The game lasted 00:03:31 (2768 turns).

mopl the Chopper (Formicid Fighter)                 Turns: 2768, Time: 00:03:31

Health: -1/41      AC: 11    Str: 20    XL:     5   Next: 95%
Magic:  5/5        EV:  5    Int:  8    God:    Qazlal [......]
Gold:   98         SH:  9    Dex: 12    Spells: 4/4 levels left

rFire   + . .      SeeInvis +   a - +0 war axe
rCold   . . .      Faith    .   c - +0 buckler
rNeg    . . .      Spirit   .   g - +0 plate armour
rPois   .          Reflect  +   (helmet unavailable)
rElec   .          Harm     .   (no cloak)
rCorr   .          Rampage  .   (no gloves)
Will    .....                   (no boots)
Stlth   ..........              s - amulet of reflection
HPRegen 0.13/turn               o - ring of protection from fire
MPRegen 0.09/turn               (no ring)

@: no status effects
A: permanent stasis, dig shafts and tunnels, antennae 3, four strong arms
a: Dig, Shaft Self, Renounce Religion


You were on level 4 of the Dungeon.
You worshipped Qazlal.
Qazlal was noncommittal.
You visited 2 branches of the dungeon, and saw 5 of its levels.

You collected 98 gold pieces.

Inventory:

Hand Weapons
 a - a +0 war axe (weapon)
Missiles
 j - 5 atropa-tipped darts
 n - 5 boomerangs
Armour
 c - a +0 buckler (worn)
 g - a +0 plate armour (worn)
Jewellery
 o - a ring of protection from fire (left hand)
 s - an amulet of reflection (around neck)
Wands
 r - a wand of flame (13)
Scrolls
 b - a scroll of enchant weapon {unknown}
 e - a scroll of blinking {unknown}
 h - a scroll of teleportation {unknown}
 i - a scroll of amnesia {unknown}
 l - a scroll of noise {unknown}
 m - a scroll of magic mapping {unknown}
 p - a scroll of identify {unknown}
Potions
 d - 3 potions of might
 f - a potion of curing {unknown}
 k - a potion of haste {unknown}
 q - 2 potions of brilliance {unknown}
 t - a potion of lignification {unknown}


   Skills:
 - Level 3.2 Fighting
 + Level 5.5 Axes
 - Level 3.2 Armour
 - Level 3.6 Shields
 + Level 1.0 Invocations


You had 4 spell levels left.
You didn't know any spells.
Your spell library contained the following spells:

 Spells                   Type           Power      Damage    Failure   Level
 Animate Skeleton         Necr           0%         N/A       100%        1
 Apportation              Tloc           0%         N/A       100%        1
 Pain                     Necr           0%         1d4       100%        1
 Slow                     Hex            0%         N/A       100%        1
 Confusing Touch          Hex            0%         N/A       100%        3
 Vampiric Draining        Necr           0%         2d6       100%        3
 Alistair's Intoxication  Tmut/Pois      0%         N/A       100%        5


Dungeon Overview and Level Annotations

Branches:
Dungeon (4/15)             Temple (1/1) D:4

Altars:
Ashenzari
Cheibriados
Dithmenos
Elyvilon
Fedhas
Gozag
Hepliaklqana
Kikubaaqudgha
Makhleb
Nemelex Xobeh
Qazlal
Ru
Sif Muna
Trog
Uskayaw
Vehumet
Wu Jian
Xom
Yredelemnul
Zin
The Shining One


Innate Abilities, Weirdness & Mutations

You cannot be hasted, slowed, berserked, paralysed or teleported.
You can dig through walls and to a lower floor.
You have a pair of large antennae on your head. (SInv)
Your four strong arms can wield two-handed weapons with a shield.


Message History

Your Invocations skill increases to level 1!
No target in view!
No target in view!
No target in view!
No target in view!
No target in view!
No target in view!
No target in view!
No target in view!
No target in view!
No target in view!
You sense a monster nearby.
You see here an iguana corpse.
An ogre comes into view. It is wielding a +0 giant club.
The ogre shouts!
Aiming: Throw Flame
Press: ? - help, Shift-Dir - straight line, f - ogre
Aim: an ogre, wielding a +0 giant club (85% to hit)
The puff of flame hits the ogre.
The ogre is lightly wounded.
Unknown command.
Aiming: Throw Flame
Press: ? - help, Shift-Dir - straight line, f/p - ogre
Aim: an ogre, wielding a +0 giant club (lightly wounded, 85% to hit)
The puff of flame hits the ogre!
The ogre is moderately wounded.
You barely miss the ogre.
The ogre is moderately wounded.
The ogre barely misses you.
You barely miss the ogre.
The ogre is moderately wounded.
The ogre closely misses you.
You slash the ogre!
The ogre is heavily wounded.
The ogre hits you with a +0 giant club!
You hit the ogre.
The ogre is heavily wounded.
The ogre hits you with a +0 giant club!!
Ouch! That really hurt!
You die...

.....
#.......#
#..### {
#####.##..#
#..#
###.######..#
............#
............#
............#
###.###†##..#
####.###.##..#
#.....O@.....#
#............#
#............#
#............#
#............#
##..###.###..#
### #.# ..#
... .#


You could see an ogre.

Vanquished Creatures
  An iguana (D:4)
  Ijyb (D:4)
  Terence (D:2)
  4 adders
  4 worms
  4 dart slugs
  2 orcs (D:4)
  8 bats
  8 endoplasms
  A giant cockroach (D:2)
  4 hobgoblins
  3 kobolds
  A quokka (D:1)
  3 ball pythons (D:4)
  A frilled lizard (D:3)
  3 goblins (D:2)
  2 rats
51 creatures vanquished.

Vanquished Creatures (others)
  8 plants (D:2)
8 creatures vanquished.

Grand Total: 59 creatures vanquished

Notes
Turn   | Place    | Note
-------+----------+-------------------------------------------
     0 | D:1      | mopl the Formicid Fighter began the quest for the Orb.
     0 | D:1      | Reached XP level 1. HP: 18/18 MP: 1/1
   304 | D:1      | Reached XP level 2. HP: 17/24 MP: 2/2
   665 | D:2      | Noticed Terence
   676 | D:2      | Killed Terence
   677 | D:2      | Reached skill level 3 in Axes
   677 | D:2      | Reached XP level 3. HP: 11/29 MP: 3/3
  1032 | D:2      | Found a basalt altar of Yredelemnul.
  1043 | D:2      | Reached skill level 4 in Axes
  1043 | D:2      | Reached XP level 4. HP: 31/35 MP: 4/4
  1971 | D:3      | Reached XP level 5. HP: 30/41 MP: 5/5
  2101 | D:4      | Noticed Ijyb
  2103 | D:4      | Reached skill level 5 in Axes
  2121 | D:4      | Killed Ijyb
  2246 | D:4      | Found a staircase to the Ecumenical Temple.
  2306 | Temple   | Entered the Ecumenical Temple
  2558 | Temple   | Became a worshipper of Qazlal Stormbringer
  2759 | D:4      | Reached skill level 1 in Invocations
  2761 | D:4      | Noticed an ogre
  2768 | D:4      | Slain by an ogre

Illustrated notes

Levels and vault maps discovered:
D:1:      lemuel_arrival_lava_pool, layout_loops_cross
D:2:      layout_rooms, basic_altar, serial_bayou_ford_a,
          kennysheep_generic_room_12, uniq_terence
D:3:      layout_loops_ring, chequers_arboretum
D:4:      layout_gridville, okawaru_trees_1, minmay_temple_entry_glass,
          uniq_ijyb
Temple:   mainiacjoe_temple_circle_huts

Skill      XL: |  1  2  3  4  5 |
---------------+----------------+-----
Axes           | 3 4 5 |  5.5
Invocations    | 1 |  1.0
Fighting       | |  3.2
Armour         | |  3.2
Shields        | |  3.6

Action                   |  1- 3 |  4- 6 || total
-------------------------+-------+-------++-------
Melee: War axe           |    45 |   123 ||   168
Evoke: Wand              |       |     2 ||     2
Armor: Plate armour      |    20 |    85 ||   105
Dodge: Dodged            |    13 |    30 ||    43
Block: Buckler           |    12 |    24 ||    36
